 Dungeon Crawl Stone Soup version 0.17-a0-1719-g1afd5a1 (webtiles) character file.

364 Eptagon the Insei (level 6, -1/38 HPs)
             Began as an Octopode Transmuter on Aug 28, 2015.
             Killed from afar by an orc wizard (8 damage)
             ... with a puff of flame
             ... on level 3 of the Dungeon.
             The game lasted 00:07:32 (3668 turns).

Eptagon the Insei (Octopode Transmuter)             Turns: 3668, Time: 00:07:32

Health: -1/38      AC:  1    Str: 10    XL:     6   Next: 67%
Magic:  9/9        EV: 12    Int: 15    God:
Gold:   115        SH:  0    Dex: 14    Spells: 1 memorised, 8 levels left

rFire  . . .     SeeInvis .       - Unarmed
rCold  . . .     Clarity  .     (no shield)
rNeg   . . .     SustAt   .     (helmet restricted)
rPois  .         Gourm    .     (no amulet)
rElec  .         Spirit   .     (no ring)
rCorr  .         Warding  .     (no ring)
rMut   .         Stasis   .     (no ring)
MR     .....                    (no ring)
Stlth  ++........               (no ring)
                                (no ring)
                                (no ring)
                                (no ring)

@: flying, not resistant to hostile enchantments, unstealthy
A: almost no armour, amphibious, 8 rings, constrict 8, camouflage 1, gelatinous
body 1
a: no special abilities


You were on level 3 of the Dungeon.
You were hungry.

You visited 1 branch of the dungeon, and saw 3 of its levels.

You collected 115 gold pieces.

Inventory:

Magical devices
 i - a wand of random effects (0)
 n - a wand of polymorph (14)
 u - a wand of fire (4)
 A - a wand of magic darts (24)
Scrolls
 e - a scroll of amnesia {unknown}
 g - a scroll of fear {unknown}
 r - a scroll of remove curse {unknown}
 s - a scroll of fog {unknown}
 v - a scroll of blinking {unknown}
 w - a scroll of enchant armour {unknown}
 y - a scroll of immolation {unknown}
Potions
 a - a potion of magic
 d - a potion of resistance {unknown}
 h - a potion of lignification {unknown}
 j - a potion of heal wounds {unknown}
 k - a potion of haste {unknown}
 m - a potion of flight
 o - a potion of ambrosia {unknown}
 p - a potion of brilliance
 x - a potion of curing
Books
 b - a book of Changes

   Spells                             Type                      Level
   a - Beastly Appendage              Transmutation                1
   b - Sticks to Snakes               Transmutation                2
   c - Spider Form                    Transmutation/Poison         3
   d - Ice Form                       Ice/Transmutation            4
   e - Blade Hands                    Transmutation                5
Comestibles
 c - 3 bread rations
 f - 5 fruits
 l - 3 meat rations
 q - a royal jelly
 z - a slice of pizza


   Skills:
 - Level 1.0 Fighting
 - Level 2.0 Dodging
 + Level 7.3 Unarmed Combat
 - Level 2.0 Spellcasting
 - Level 2.0 Transmutations


You had 8 spell levels left.
You knew the following spells:

 Your Spells              Type           Power        Failure   Level  Hunger
a - Beastly Appendage     Trmt           #.....       12%         1    #......


Dungeon Overview and Level Annotations

Branches:
Dungeon (3/15)

Altars:
Ashenzari
Trog


Innate Abilities, Weirdness & Mutations

You cannot wear most types of armour.
You are amphibious.
You can wear up to eight rings at the same time.
You can use your tentacles to constrict eight enemies at once.
Your skin changes colour to match your surroundings (Stealth).
Your rubbery body absorbs attacks (AC +1).


Message History

The adder is moderately wounded.
The adder bites you.
You bludgeon the adder!
You kill the adder!
Items here: ( )) [ † a dagger; a leather armour; a flail; 21 bolts; an adder corpse You barely miss something.
Something hits you but does no damage.
You closely miss something.
You hear some strange, mumbled words.
A magic dart appears from out of thin air!
The magic dart hits you!
* * * LOW HITPOINT WARNING * * *
Drink which item? (? for menu, Esc to quit)
It was a potion of flight.
You feel very buoyant.
You fly up into the air.
You hear some strange, mumbled words.
A puff of flame appears from out of thin air!
The puff of flame hits you!
You die...

...†....# #.##.....##.# #.......
........####.#.......#.###....##.
####.......#.#.......#.. +....'.)
#%†.....#....._...... #....###
#.......#.#.......#..##....#
#.......#.#.......#..##....#
##.?.....#. #.....# #
#........#.####{####.#
#.####...#....@......# #.#
#...##.#.....#### ###.#
##.###....)..# ....# #.#
#.####### ##### #.# #.# #.# #.#
#.# #.# #.# #.# #.# #.#


There were no monsters in sight!

Vanquished Creatures
  Sigmund (D:2)
  An orc wizard (D:3)
  Ijyb (D:2)
  Jessica (D:3)
  2 adders (D:3)
  An ooze (D:3)
  6 worms
  2 giant geckos
  7 orcs (D:3)
  11 bats
  2 giant cockroaches
  8 goblins
  15 hobgoblins
  A quokka (D:3)
  A ball python (D:2)
  2 giant newts
  11 kobolds
  4 rats
77 creatures vanquished.

Notes
Turn   | Place    | Note
--------------------------------------------------------------
     0 | D:1      | Eptagon the Octopode Transmuter began the quest for the Orb.
     0 | D:1      | Reached XP level 1. HP: 13/13 MP: 3/3
   316 | D:1      | Reached XP level 2. HP: 4/18 MP: 5/5
  1088 | D:1      | Reached skill level 4 in Unarmed Combat
  1333 | D:1      | Reached XP level 3. HP: 14/23 MP: 6/6
  1706 | D:2      | Noticed Ijyb
  1717 | D:2      | Killed Ijyb
  1717 | D:2      | Reached XP level 4. HP: 24/28 MP: 7/7
  1819 | D:2      | Noticed Sigmund
  1833 | D:2      | Killed Sigmund
  1833 | D:2      | Reached skill level 6 in Unarmed Combat
  1833 | D:2      | Reached XP level 5. HP: 24/33 MP: 8/8
  2027 | D:2      | Reached XP level 6. HP: 34/38 MP: 9/9
  2236 | D:2      | Found a bloodstained altar of Trog.
  3059 | D:3      | Found a shattered altar of Ashenzari.
  3094 | D:3      | Noticed Jessica
  3101 | D:3      | Killed Jessica
  3101 | D:3      | Reached skill level 7 in Unarmed Combat
  3418 | D:3      | Found a bloodstained altar of Trog.
  3668 | D:3      | Killed from afar by an orc wizard

Vault maps used:
D:1:      erik_arrival_cave_to_civilisation
D:2:      bloody_trog, uniq_iyjb, uniq_sigmund
D:3:      old_standard_altar, trog_hazing_becter, uniq_jessica

Action                   |  1- 3 |  4- 6 || total
-------------------------+-------+-------++-------
Melee: Unarmed           |    71 |   102 ||   173
Evoke: Wand              |       |     8 ||     8
  Use: Scroll            |       |     3 ||     3
       Potion            |       |     2 ||     2
 Stab: Sleeping          |     1 |     7 ||     8
       Paralysed         |       |     4 ||     4
       Confused          |       |     1 ||     1
  Eat: Chunk             |     2 |     6 ||     8
